AoeStats
← MRG621

Arabia

508351011Analyzed
4v4 RM · 9d ago on Sep 22, 2026· 57m 25s· 8 players
Game mode
Random Map
Map size
Large (8 player)
Population
200
Speed
Normal
Resources
Standard
Victory
Conquest
Starting age
Dark Age
Ending age
Imperial Age
RankedLock teamsTeams togetherTeam positionsShared explorationLock speedFull tech treeHidden civsTurbo modeCheats
Victory
Defeat
🇦🇷 Poles · Argentina
1089
+13
🇦🇷 Franks · Argentina
983
+18
🇦🇷 Britons · Argentina
969
+20
🇦🇷 Mongols · Argentina
967
+18
🇺🇸 Magyars · United States
1056
-18
🇲🇽 Jurchens · Mexico
1023
-17
🇦🇷 Gurjaras · Argentina
1020
-17
🇲🇽 Huns · Mexico
986
-15
Aragorn55
7:47 Loom
10:19 Feudal Age
19:24 Castle Age
17:27 Double-Bit Axe
17:27 Horse Collar
18:16 Town Watch
18:28 Gold Mining
20:24 Wheelbarrow
22:03 Bloodlines
24:52 Husbandry
26:59 Scale Barding Armor
27:08 Forging
29:37 Hand Cart
29:52 Stone Mining
32:17 Bow Saw
32:10 Heavy Plow
36:11 Imperial Age
34:55 Fortified Bastions
37:43 Iron Casting
37:55 Conscription
38:27 Chain Barding Armor
39:51 Blast Furnace
38:21 Elite Steppe Lancer
40:35 Chemistry
39:16 Treadmill Crane
40:56 Two-Man Saw
44:12 Padded Archer Armor
44:02 Fletching
45:04 Elite Skirmisher
MRG621
10:32 Feudal Age
20:53 Castle Age
21:11 Horse Collar
21:17 Double-Bit Axe
21:25 Stone Mining
21:28 Gold Mining
23:45 Loom
25:21 Gold Shaft Mining
28:17 Wheelbarrow
27:55 Bow Saw
29:38 Heavy Plow
32:33 Husbandry
32:43 Bloodlines
33:04 Hand Cart
33:07 Marauders
33:35 Forging
36:59 Imperial Age
35:02 Masonry
36:52 Iron Casting
36:23 Scale Barding Armor
38:23 Conscription
39:31 Two-Man Saw
39:00 Chain Barding Armor
40:24 Blast Furnace
40:54 Elite Tarkan
42:41 Light Cavalry
44:07 Plate Barding Armor
43:17 Hussar
51:03 Fletching
51:13 Padded Archer Armor
51:36 Ballistics
52:17 Chemistry
52:30 Bodkin Arrow
prieto_matias
4:08 Loom
10:51 Feudal Age
11:50 Double-Bit Axe
14:38 Horse Collar
17:31 Gold Mining
18:07 Scale Barding Armor
20:57 Castle Age
19:36 Scale Barding Armor
20:51 Stone Mining
21:44 Husbandry
22:19 Bow Saw
24:10 Chain Barding Armor
24:35 Heavy Plow
25:11 Forging
27:50 Bloodlines
30:13 Iron Casting
35:05 Imperial Age
32:23 Town Watch
33:15 Wheelbarrow
32:56 Fletching
35:05 Hand Cart
34:36 Town Watch
35:06 Heavy Camel Rider
38:39 Plate Barding Armor
39:41 Stone Shaft Mining
39:41 Gold Shaft Mining
40:44 Conscription
41:13 Crop Rotation
42:47 Hoardings
44:27 Frontier Guards
49:51 Elite Skirmisher
50:42 Thumb Ring
50:35 Bodkin Arrow
50:40 Padded Archer Armor
53:58 Town Patrol
56:56 Chemistry
56:21 Ballistics
57:04 Chemistry
Apostate of Hate
5:33 Loom
10:47 Feudal Age
19:32 Scale Barding Armor
21:41 Town Watch
26:33 Castle Age
25:07 Bloodlines
25:30 Gold Mining
25:34 Horse Collar
25:40 Double-Bit Axe
26:37 Light Cavalry
28:00 Husbandry
38:28 Wheelbarrow
H0TM1ILK
7:31 Loom
10:22 Feudal Age
11:05 Double-Bit Axe
16:30 Scale Barding Armor
21:30 Castle Age
19:32 Gold Mining
20:22 Forging
23:35 Chain Barding Armor
24:48 Husbandry
29:32 Bow Saw
30:30 Iron Casting
30:49 Gold Shaft Mining
31:54 Wheelbarrow
41:57 Imperial Age
41:50 Hand Cart
42:05 Cavalier
42:45 Stone Mining
43:33 Plate Barding Armor
43:59 Blast Furnace
42:54 Fletching
44:43 Conscription
44:40 Chivalry
45:56 Paladin
50:18 Chemistry
54:18 Ballistics
55:51 Town Watch
FRADA
12:22 Feudal Age
12:33 Loom
13:29 Double-Bit Axe
19:45 Wheelbarrow
21:00 Gold Mining
22:05 Scale Mail Armor
24:40 Fletching
24:54 Padded Archer Armor
28:16 Horse Collar
32:19 Castle Age
33:48 Hand Cart
35:26 Bow Saw
35:02 Crossbowman
36:21 Leather Archer Armor
41:43 Gold Shaft Mining
50:12 Bodkin Arrow
54:21 Ballistics
LA FUCKING CABRA
8:56 Loom
11:26 Feudal Age
15:18 Castle Age
13:55 Double-Bit Axe
13:56 Horse Collar
16:34 Bow Saw
19:14 Heavy Plow
21:11 Wheelbarrow
24:52 Hand Cart
25:26 Bloodlines
25:30 Scale Barding Armor
25:29 Gold Mining
26:42 Husbandry
27:04 Stone Mining
27:44 Chain Barding Armor
27:34 Forging
28:07 Szlachta Privileges
31:14 Iron Casting
32:55 Fletching
34:40 Stone Shaft Mining
38:39 Imperial Age
36:06 Bodkin Arrow
40:27 Blast Furnace
39:00 Cavalier
41:09 Crop Rotation
46:31 Conscription
46:33 Lechitic Legacy
46:51 Hoardings
47:59 Bracer
57:01 Town Watch
57:18 Caravan
57:50 Coinage
MATICAS
9:55 Feudal Age
18:17 Double-Bit Axe
18:42 Horse Collar
21:55 Bloodlines
24:31 Castle Age
23:06 Scale Barding Armor
24:06 Forging
26:02 Light Cavalry
26:43 Husbandry
30:31 Bow Saw
31:00 Wheelbarrow
32:08 Fletching
32:18 Padded Archer Armor
33:39 Hand Cart
35:54 Heavy Plow
35:54 Gold Mining
35:58 Stone Mining
40:35 Imperial Age
38:50 Thumb Ring
39:37 Gold Shaft Mining
39:52 Bodkin Arrow
40:13 Leather Archer Armor
42:16 Bracer
41:58 Capped Ram
43:39 Stone Shaft Mining
42:47 Elite Mangudai
46:06 Chemistry
45:26 Ballistics
47:03 Heavy Cavalry Archer
48:08 Parthian Tactics
48:26 Leather Archer Armor
51:06 Drill
53:12 Town Watch
53:13 Loom
Connection lost

Rejoining the realm…

Still unreachable

The connection could not be restored.

Session expired

The server has moved on; the page needs a fresh start.